Map: Prion Terraces

Players

IlIlIlIlIlIl - Winner!

  • Race: Protoss Protoss
  • League: Diamond

Chris (MCanning)

  • Race: Protoss Protoss
  • League: Master

VOD

Have the link to the VOD?

Description

Time

  • Played on: Nov. 13, 2015, 1:41 a.m.
  • Length: 16:10
Show
View Real Time Build Order
Export as new Build Order

IlIlIlIlIlIl Protoss - Winner!

Build Orders: Nexus First, Blink Stalkers 

Get SALT Encoding   

  12  0:01  Probe (Chrono Boost)  
  13  0:12  Probe (Chrono Boost)  
  14  0:19  Pylon  
  14  0:22  Probe (Chrono Boost)  
  15  0:37  Probe (Chrono Boost)  
  16  0:48  Probe (Chrono Boost)  
  17  1:00  Nexus  
  17  1:02  Probe (Chrono Boost)  
  18  1:12  Probe (Chrono Boost)  
  18  1:15  Gateway  
  19  1:23  Probe (Chrono Boost)  
  20  1:28  Assimilator  
  20  1:30  Assimilator  
  20  1:33  Probe (Chrono Boost)  
  20  1:39  Pylon  
  21  1:44  Probe (Chrono Boost)  
  22  1:52  Gateway  
  22  1:54  Probe (Chrono Boost)  
  23  2:05  Probe (Chrono Boost)  
  23  2:06  Cybernetics Core  
  24  2:11  Probe (Chrono Boost)  
  25  2:16  Probe (Chrono Boost)  
  25  2:22  Probe (Chrono Boost)  
  27  2:27  Probe (Chrono Boost)  
  28  2:32  Probe (Chrono Boost)  
  29  2:37  Probe (Chrono Boost)  
  29  2:42  Stalker x2 (Chrono Boost)  
  29  2:44  Warp Gate  
  35  2:46  Mothership Core  
  36  2:53  Probe  
  37  3:05  Probe  
  38  3:07  Probe (Chrono Boost)  
  38  3:08  Twilight Council  
  39  3:14  Pylon  
  39  3:17  Probe (Chrono Boost)  
  39  3:19  Probe (Chrono Boost)  
  41  3:27  Stalker  
  41  3:28  Probe (Chrono Boost)  
  41  3:30  Probe (Chrono Boost)  
  45  3:38  Probe (Chrono Boost)  
  45  3:40  Probe (Chrono Boost)  
  47  3:41  Blink (Chrono Boost)  
  47  3:49  Probe x2  
  49  3:59  Nexus  
  49  4:00  Probe, Pylon  
  49  4:01  Probe  
  51  4:08  Robotics Facility  
  51  4:10  Probe  
  51  4:13  Probe  
  53  4:18  Assimilator x2  
  53  4:22  Pylon  
  53  4:27  Gateway  
  53  4:29  Gateway  
  53  4:31  Probe x2, Gateway  
  55  4:41  Probe  
  55  4:44  Probe  
  57  4:53  Probe  
  57  4:56  Probe, Observer (Chrono Boost)  
  57  4:57  Stalker x2  
  64  5:05  Probe  
  65  5:08  Probe  
  65  5:10  Probe  
  65  5:12  Pylon  
  67  5:15  Pylon  
  67  5:17  Probe  
  67  5:18  Immortal (Chrono Boost)  
  67  5:20  Probe, Robotics Bay  
  67  5:21  Probe  
  73  5:22  Pylon  
  73  5:25  Forge  
  73  5:29  Stalker x2  
  73  5:34  Probe x2  
  79  5:38  Pylon  
  79  5:42  Forge  
  79  5:44  Stalker x3  
  79  5:48  Probe  
  86  5:50  Probe, Assimilator x2  
  87  6:00  Stalker  
  87  6:01  Stalker  
  87  6:03  Probe  
  92  6:04  Probe  
  92  6:06  Robotics Facility  
  92  6:08  Probe, Pylon  
  94  6:13  Stalker x2  
  94  6:18  Probe  
  99  6:19  Probe  
  99  6:25  Probe  
  100  6:30  Nexus  
  100  6:31  Disruptor (Chrono Boost)  
  104  6:34  Protoss Ground Weapons Level 1 (Chrono Boost)  
  104  6:37  Photon Cannon  
  104  6:39  Photon Cannon  
  104  6:40  Photon Cannon  
  104  6:41  Stalker  
  104  6:45  Zealot  
  108  6:47  Stalker x2  
  108  6:51  Stalker  
  108  6:53  Disruptor (Chrono Boost)  
  117  7:05  Stalker x2  
  121  7:08  Disruptor (Chrono Boost)  
  121  7:09  Pylon  
  121  7:10  Pylon  
  124  7:18  Pylon  
  124  7:29  Stalker  
  126  7:30  Stalker x4  
  126  7:31  Disruptor  
  126  7:35  Assimilator  
  137  7:37  Assimilator  
  137  7:40  Gateway, Photon Cannon  
  137  7:41  Gateway  
  137  7:42  Disruptor  
  137  7:43  Gateway  
  140  7:54  Probe x3  
  141  8:02  Disruptor  
  141  8:08  Probe x2  
  146  8:14  Pylon  
  146  8:18  Disruptor, Pylon  
  146  8:19  Probe  
  148  8:23  Stalker x4  
  148  8:24  Stalker  
  157  8:33  Disruptor  
  155  8:47  Gateway  
  155  8:50  Stalker x3  
  155  8:51  Stalker x2  
  155  8:54  Disruptor  
  168  8:58  Photon Cannon  
  168  8:59  Stalker x3  
  166  9:04  Warp Prism  
  168  9:15  Photon Cannon  
  166  9:30  Observer  
  165  9:35  Disruptor  
  156  9:40  Probe  
  130  9:51  Stalker, Disruptor  
  130  9:52  Stalker  
  129  9:54  Stalker  
  129  9:55  Stalker x5  
  138  10:01  Gateway  
  138  10:03  Gateway, Protoss Ground Weapons Level 2 (Chrono Boost)  
  138  10:06  Gateway, Disruptor  
  138  10:11  Stalker  
  139  10:21  Nexus  
  139  10:22  Pylon  
  139  10:24  Pylon  
  139  10:25  Stalker x2  
  139  10:26  Stalker x6  
  139  10:27  Disruptor  
  158  10:37  Disruptor  
  159  10:49  Stalker  
  161  10:50  Stalker x5  
  171  11:02  Disruptor  
  174  11:08  Disruptor  
  174  11:12  Photon Cannon  
  174  11:13  Dark Shrine, Photon Cannon  
  174  11:16  Photon Cannon  
  177  11:19  Photon Cannon  
  177  11:21  Photon Cannon  
  177  11:32  Stalker x2  
  179  11:33  Stalker x5  
  179  11:39  Observer, Stargate  
  192  11:42  Observer, Assimilator  
  171  11:55  Stalker x3  
  171  11:56  Stalker x3  
  171  11:59  Disruptor  
  186  12:08  Stalker x3  
  188  12:35  Stalker  
  188  12:36  Stalker x4  
  184  12:38  Nexus  
  181  12:44  Stalker x2  
  181  12:49  Disruptor  
  176  12:54  Disruptor  
  180  13:14  Stalker  
  180  13:15  Stalker x5  
  192  13:21  Disruptor  
  192  13:22  Pylon  
  192  13:23  Pylon  
  195  13:28  Assimilator  
  195  13:30  Stalker  
  195  13:31  Stalker, Protoss Ground Weapons Level 3 (Chrono Boost)  
  191  13:49  Stalker x2  
  191  13:50  Stalker x2  
  197  14:02  Disruptor  
  200  14:08  Robotics Facility  
  200  14:24  Photon Cannon  
  200  14:26  Photon Cannon  
  200  14:29  Photon Cannon  
  200  14:31  Photon Cannon  
  174  14:48  Disruptor  
  174  14:52  Disruptor  
  177  15:18  Assimilator  
  177  15:19  Assimilator  
  177  15:23  Disruptor  
  177  15:24  Disruptor  
  180  15:28  Dark Templar x3  
  180  15:29  Dark Templar x4  
Show
View Real Time Build Order
Export as new Build Order

Chris Protoss 

Build Orders: 1 Gate Expand, Blink Stalkers 

Get SALT Encoding   

  12  0:01  Probe (Chrono Boost)  
  13  0:12  Probe (Chrono Boost)  
  14  0:21  Pylon  
  14  0:22  Probe (Chrono Boost)  
  15  0:39  Probe (Chrono Boost)  
  15  0:42  Gateway  
  16  0:50  Probe (Chrono Boost)  
  16  0:56  Assimilator  
  17  1:00  Probe (Chrono Boost)  
  19  1:11  Probe (Chrono Boost)  
  19  1:25  Nexus  
  19  1:36  Cybernetics Core  
  19  1:42  Probe (Chrono Boost), Assimilator  
  20  1:49  Pylon  
  20  1:52  Probe (Chrono Boost)  
  21  2:03  Probe (Chrono Boost)  
  22  2:14  Mothership Core (Chrono Boost)  
  24  2:20  Adept  
  26  2:26  Warp Gate  
  26  2:32  Probe (Chrono Boost)  
  27  2:40  Probe (Chrono Boost)  
  27  2:43  Probe (Chrono Boost)  
  29  2:47  Stalker  
  29  2:50  Probe (Chrono Boost), Pylon  
  32  2:53  Probe (Chrono Boost)  
  33  3:01  Probe (Chrono Boost)  
  33  3:03  Twilight Council  
  33  3:04  Probe (Chrono Boost)  
  35  3:11  Probe (Chrono Boost)  
  36  3:14  Probe (Chrono Boost)  
  37  3:22  Probe (Chrono Boost)  
  37  3:25  Probe (Chrono Boost)  
  39  3:28  Gateway  
  39  3:30  Gateway  
  39  3:32  Probe (Chrono Boost)  
  40  3:35  Sentry, Probe (Chrono Boost)  
  43  3:42  Probe (Chrono Boost), Pylon  
  43  3:47  Probe (Chrono Boost), Blink (Chrono Boost)  
  45  4:00  Gateway  
  45  4:03  Probe  
  45  4:05  Probe, Gateway  
  47  4:13  Pylon  
  47  4:15  Probe  
  47  4:16  Assimilator  
  48  4:20  Assimilator  
  48  4:27  Probe  
  48  4:28  Probe  
  48  4:29  Robotics Facility  
  50  4:38  Stalker x3  
  52  4:42  Probe  
  52  4:43  Probe  
  58  4:53  Probe, Pylon  
  58  4:54  Probe  
  60  5:05  Stalker x2  
  60  5:06  Probe  
  65  5:07  Forge  
  65  5:12  Stalker x2  
  69  5:17  Observer (Chrono Boost)  
  70  5:28  Stalker  
  72  5:30  Stalker x2  
  72  5:32  Probe  
  77  5:41  Observer (Chrono Boost)  
  77  5:42  Protoss Ground Weapons Level 1 (Chrono Boost), Pylon  
  78  5:45  Pylon  
  78  5:52  Pylon  
  78  5:59  Pylon  
  78  6:00  Probe  
  78  6:02  Nexus  
  79  6:14  Zealot x2, Robotics Bay  
  79  6:15  Zealot  
  85  6:25  Probe  
  84  6:26  Immortal (Chrono Boost)  
  84  6:32  Robotics Facility  
  88  6:37  Pylon  
  88  6:38  Probe  
  89  6:43  Probe  
  90  6:50  Probe  
  91  6:55  Probe  
  91  7:00  Photon Cannon  
  92  7:02  Disruptor (Chrono Boost), Photon Cannon  
  92  7:03  Probe  
  92  7:04  Stalker  
  92  7:07  Probe  
  99  7:13  Probe  
  99  7:15  Probe  
  99  7:19  Probe  
  99  7:20  Disruptor (Chrono Boost)  
  103  7:23  Probe  
  103  7:28  Stalker x4  
  111  7:32  Protoss Ground Weapons Level 2  
  111  7:36  Probe  
  110  7:39  Disruptor (Chrono Boost)  
  113  7:46  Assimilator  
  113  7:48  Pylon  
  113  7:49  Probe, Pylon  
  113  7:50  Pylon  
  114  7:51  Assimilator  
  114  7:59  Probe  
  115  8:09  Disruptor (Chrono Boost)  
  115  8:10  Disruptor (Chrono Boost)  
  115  8:12  Pylon  
  114  8:21  Stalker  
  114  8:22  Stalker x2  
  120  8:29  Probe  
  120  8:31  Probe, Gateway  
  120  8:32  Gateway  
  120  8:33  Gateway  
  120  8:34  Probe  
  119  8:35  Gateway  
  120  8:43  Disruptor x2 (Chrono Boost)  
  120  8:46  Stalker x2  
  130  8:48  Zealot x2  
  130  8:49  Zealot  
  130  8:52  Pylon  
  130  8:53  Pylon  
  136  9:00  Probe  
  137  9:12  Stalker x2, Pylon  
  137  9:14  Disruptor x2 (Chrono Boost), Pylon  
  147  9:18  Probe  
  147  9:22  Probe  
  149  9:27  Stalker x2  
  134  9:41  Stalker x3  
  134  9:45  Disruptor (Chrono Boost)  
  131  9:52  Probe  
  132  9:54  Probe  
  132  9:58  Disruptor (Chrono Boost)  
  133  10:00  Nexus  
  137  10:07  Probe (Chrono Boost)  
  137  10:15  Nexus  
  137  10:16  Disruptor  
  137  10:18  Mothership Core (Chrono Boost)  
  137  10:20  Stalker  
  140  10:36  Probe (Chrono Boost)  
  141  10:43  Disruptor  
  141  10:45  Probe (Chrono Boost)  
  135  10:52  Disruptor, Zealot  
  135  10:53  Zealot x5  
  150  11:01  Pylon  
  150  11:02  Pylon  
  147  11:11  Stalker x2  
  147  11:16  Zealot  
  147  11:17  Disruptor (Chrono Boost)  
  153  11:19  Probe (Chrono Boost)  
  156  11:28  Photon Cannon  
  156  11:29  Disruptor (Chrono Boost)  
  159  11:34  Photon Cannon  
  159  11:37  Assimilator  
  159  11:39  Photon Cannon, Assimilator  
  159  11:46  Probe  
  159  11:49  Probe  
  158  11:55  Stalker x2  
  158  11:56  Stalker x2  
  158  11:57  Disruptor (Chrono Boost)  
  166  12:02  Disruptor (Chrono Boost)  
  166  12:03  Probe  
  170  12:11  Probe  
  171  12:23  Stalker x6  
  186  12:32  Disruptor (Chrono Boost)  
  184  12:38  Disruptor (Chrono Boost)  
  187  12:48  Probe  
  188  12:52  Probe  
  189  12:59  Probe  
  189  13:00  Stalker x4  
  189  13:01  Stalker  
  200  13:12  Disruptor (Chrono Boost)  
  179  13:20  Protoss Ground Weapons Level 3  
  179  13:23  Pylon  
  179  13:24  Disruptor (Chrono Boost), Zealot  
  181  13:27  Pylon, Zealot  
  183  13:35  Probe  
  183  13:38  Stalker x2  
  183  13:39  Stalker  
  189  13:44  Disruptor (Chrono Boost)  
  149  13:56  Disruptor (Chrono Boost)  
  149  14:08  Stalker x5  
  149  14:09  Stalker  
  164  14:20  Disruptor (Chrono Boost)  
  162  14:26  Nexus  
  162  14:27  Disruptor (Chrono Boost)  
  162  14:28  Pylon  
  162  14:29  Pylon  
  165  14:36  Nexus  
  150  14:47  Stalker  
  150  14:48  Stalker x2  
  149  14:56  Disruptor (Chrono Boost)  
  149  14:58  Disruptor (Chrono Boost)  
  148  15:02  Pylon  
  144  15:09  Stalker x2  
  144  15:10  Stalker x3  
  156  15:34  Pylon  
  158  15:37  Stalker x5  
  158  15:38  Stalker  
  158  15:41  Probe  
  166  15:47  Observer (Chrono Boost)  
  166  15:49  Pylon  
  155  15:52  Pylon  
  155  15:55  Probe  
  142  16:02  Stalker x2  
  142  16:03  Stalker  
Tags
 
Add a new tag
Caveats
  • Supply blocks, unpowered buildings, or Contaminate may cause inaccurate times.
  • Supply counts are checked every 10 seconds.